Map: Ulrena

Players

ImmortalZodd - Winner!

  • Race: Zerg Zerg
  • League: Silver

Impressurist

  • Race: Protoss Protoss
  • League: Silver

VOD

Have the link to the VOD?

Description

Time

  • Played on: Jan. 29, 2016, 9:25 p.m.
  • Length: 9:26
Show
View Real Time Build Order
Export as new Build Order

ImmortalZodd Zerg - Winner!

Build Orders: Hatch First 

Get SALT Encoding   

  12  0:02  Drone  
  13  0:08  Drone  
  14  0:15  Extractor  
  14  0:16  Drone  
  15  0:25  Overlord  
  15  0:51  Extractor  
  15  0:52  Drone  
  15  0:53  Hatchery  
  15  0:55  Drone  
  15  1:00  Drone  
  15  1:04  Drone  
  17  1:14  Drone  
  18  1:25  Spawning Pool  
  17  1:28  Drone  
  18  1:35  Drone  
  19  1:46  Drone  
  20  1:58  Drone  
  21  2:07  Drone x2  
  23  2:11  Metabolic Boost  
  23  2:12  Queen  
  25  2:18  Queen  
  25  2:22  Drone  
  28  2:27  Overlord  
  28  2:45  Overlord  
  28  2:49  Zergling x4  
  30  2:58  Drone x3  
  33  2:59  Drone  
  34  3:16  Drone x2  
  34  3:19  Hatchery  
  35  3:22  Roach Warren  
  35  3:23  Extractor  
  35  3:25  Extractor  
  32  3:30  Evolution Chamber  
  32  3:31  Zergling x4  
  33  3:34  Evolution Chamber  
  33  3:38  Drone x3  
  35  3:42  Drone x2  
  35  3:45  Drone  
  38  3:54  Drone x3  
  38  3:55  Drone  
  42  4:16  Zergling x2  
  42  4:17  Zergling x6  
  43  4:20  Drone x2  
  43  4:24  Overlord  
  43  4:29  Zergling x2  
  44  4:35  Lair  
  44  4:37  Zerg Missile Weapons Level 1  
  44  4:38  Zerg Ground Armor Level 1  
  44  4:48  Drone x4  
  48  4:55  Queen  
  50  5:00  Roach x2  
  50  5:03  Drone  
  50  5:05  Drone  
  56  5:07  Drone  
  56  5:17  Roach  
  56  5:18  Overlord x2  
  57  5:28  Roach  
  57  5:36  Roach x4  
  57  5:37  Roach x2  
  57  5:40  Drone  
  57  5:41  Drone  
  71  5:56  Roach  
  73  5:59  Overlord x4  
  73  6:21  Roach x4  
  73  6:22  Roach x6  
  73  6:24  Drone  
  94  6:26  Drone  
  95  6:33  Roach  
  95  6:34  Roach x2  
  95  6:38  Roach x2  
  105  6:48  Overlord x3  
  105  7:06  Roach x3  
  105  7:07  Roach x5  
  121  7:09  Drone  
  121  7:12  Overlord  
  121  7:14  Glial Reconstitution  
  122  7:17  Roach  
  124  7:26  Roach  
  124  7:27  Overlord x2, Roach  
  128  7:34  Drone x5  
  133  7:43  Overlord x2  
  133  7:50  Roach x2  
  137  8:00  Spore Crawler  
  137  8:03  Spore Crawler  
  137  8:05  Spore Crawler  
  134  8:12  Roach  
  134  8:13  Roach x7  
  146  8:20  Roach  
  146  8:21  Roach x2  
Show
View Real Time Build Order
Export as new Build Order

Impressurist Protoss 

Build Orders:  

Get SALT Encoding   

  12  0:01  Probe (Chrono Boost)  
  13  0:11  Probe (Chrono Boost)  
  14  0:18  Pylon  
  14  0:22  Probe (Chrono Boost)  
  15  0:36  Probe (Chrono Boost)  
  15  0:38  Gateway  
  16  0:47  Probe (Chrono Boost)  
  16  0:49  Assimilator  
  17  1:04  Pylon  
  17  1:05  Assimilator  
  17  1:28  Probe (Chrono Boost)  
  18  1:37  Cybernetics Core  
  18  1:38  Probe (Chrono Boost)  
  19  1:44  Gateway  
  19  1:49  Probe (Chrono Boost)  
  20  2:05  Probe (Chrono Boost)  
  21  2:15  Probe (Chrono Boost), Warp Gate (Chrono Boost)  
  22  2:18  Adept  
  24  2:27  Probe  
  25  2:35  Pylon  
  25  2:39  Probe  
  25  2:41  Adept  
  28  2:45  Adept  
  28  2:47  Pylon  
  29  2:51  Mothership Core  
  31  3:04  Pylon  
  31  3:17  Pylon  
  31  3:44  Pylon  
  31  3:52  Pylon  
  31  3:57  Robotics Facility  
  31  4:12  Nexus  
  29  4:29  Adept x2  
  29  4:51  Gateway  
  29  4:53  Gateway  
  29  4:56  Immortal  
  33  5:06  Pylon  
  33  5:08  Pylon  
  29  5:45  Probe  
  29  5:47  Probe  
  31  5:56  Probe, Twilight Council  
  31  5:59  Probe, Robotics Facility  
  31  6:04  Stalker x2, Pylon  
  35  6:08  Probe  
  38  6:11  Probe  
  39  6:18  Probe  
  39  6:19  Stalker  
  39  6:25  Observer (Chrono Boost)  
  43  6:37  Templar Archives  
  43  6:38  Blink (Chrono Boost)  
  43  6:44  Warp Prism  
  45  6:55  Immortal  
  45  6:57  Probe  
  45  6:59  Probe  
  51  7:08  Stalker  
  53  7:27  Adept x3  
  59  7:30  Psionic Storm  
  59  7:37  Stalker  
  61  7:48  Immortal  
  65  7:51  Probe  
  65  7:52  Probe  
  65  7:55  Assimilator  
  65  7:57  Assimilator  
  67  8:05  Probe  
  68  8:12  Adept x4  
  62  8:37  Stalker x3  
  62  8:39  Stalker  
  62  9:04  Stalker x2  
  62  9:05  Stalker x2  
Tags
 
Add a new tag
Caveats
  • Supply blocks, unpowered buildings, or Contaminate may cause inaccurate times.
  • Supply counts are checked every 10 seconds.